 Dungeon Crawl Stone Soup version 0.28.0-43-g3370ac3207 (webtiles) character file.

Game seed: 1858075486730734039

4 tizbic2 the Grave Robber (level 1, 0/14 HPs)
             Began as a Hill Orc Necromancer on Mar 3, 2022.
             Slain by a ball python (1 damage)
             ... on level 1 of the Dungeon.
             The game lasted 00:01:49 (577 turns).

tizbic2 the Grave Robber (Hill Orc Necromancer)      Turns: 577, Time: 00:01:49

Health: 0/14       AC:  3    Str: 10    XL:     1   Next: 60%
Magic:  1/3        EV:  8    Int: 15    God:
Gold:   15         SH:  0    Dex: 11    Spells: 2/3 levels left

rFire   . . .      SeeInvis .   a - +0 mace
rCold   . . .      Faith    .   (no shield)
rNeg    . . .      Spirit   .   c - +0 leather armour
rPois   .          Reflect  .   (no helmet)
rElec   .          Harm     .   (no cloak)
rCorr   .          Rampage  .   (no gloves)
Will    .....                   (no boots)
Stlth   +.........              (no amulet)
HPRegen 0.04/turn               (no ring)
MPRegen 0.08/turn               (no ring)

@: constricted
A: no striking features
a: no special abilities


You were on level 1 of the Dungeon.
You visited 1 branch of the dungeon, and saw 1 of its levels.

You collected 15 gold pieces.

Inventory:

Hand Weapons
 a - a +0 mace (weapon)
Missiles
 b - 18 stones (quivered)
 d - 5 javelins
Armour
 c - a +0 leather armour (worn)


   Skills:
 + Level 0.1 Staves
 + Level 1.6 Dodging
 - Level 1.5 Stealth
 + Level 1.6 Spellcasting
 + Level 4.0 Necromancy
 * Level 0.4 Evocations


You had 2 spell levels left.
You knew the following spells:

 Your Spells              Type           Power      Damage    Failure   Level
a - Pain                  Necr           52%        1d6       6%          1

Your spell library contained the following spells:

 Spells                   Type           Power      Damage    Failure   Level
 Animate Skeleton         Necr           26%        N/A       6%          1
 Vampiric Draining        Necr           13%        2d6       19%         3
 Animate Dead             Necr           6%         N/A       52%         4
 Agony                    Necr           13%        N/A       86%         5


Dungeon Overview and Level Annotations

Branches:
Dungeon (1/15)

Altars:


Message History

You sock the hobgoblin!
You kill the hobgoblin!
You see here a hobgoblin corpse.
A ball python comes into view.
The ball python hisses angrily.
You closely miss the ball python. The ball python closely misses you.
The ball python barely misses you.
You hit the ball python but do no damage.
The ball python bites you. The ball python grabs you.
The ball python constricts you. The ball python closely misses you.
The ball python constricts you.
You closely miss the ball python.
The ball python bites you but does no damage.
The ball python constricts you.
You hit the ball python.
The ball python is heavily wounded.
The ball python bites you. The ball python constricts you.
The ball python barely misses you. The ball python constricts you.
You barely miss the ball python.
The ball python is moderately wounded.
The ball python bites you but does no damage.
The ball python constricts you. The ball python bites you.
* * * LOW HITPOINT WARNING * * *
The ball python constricts you.
* * * LOW HITPOINT WARNING * * *
Casting: Pain (safe; 6% risk of failure)
Confirm with . or Enter, or press ? or * to list all spells.
Aiming: Pain (safe; 6% risk of failure)
Press: ? - help, Shift-Dir - straight line, f - ball python
Aim: a ball python (constricting you, chance to affect: 83%)
The ball python barely resists.
The ball python bites you but does no damage.
The ball python constricts you.
Casting: Pain (safe; 6% risk of failure)
Confirm with . or Enter, or press ? or * to list all spells.
Aiming: Pain (safe; 6% risk of failure)
Press: ? - help, Shift-Dir - straight line, f/p - ball python
Aim: a ball python (constricting you, chance to affect: 83%)
The ball python writhes in agony.
The ball python bites you.
You die...

##.###.#.#.#.#.#
...........#.#.#.#
.......#.###.#.#.#
.......#.# #.#.#.#
...⌠...#.# #.#.#.#
.......#.# #.#.#.#
##.....#.# #.#.#.#
.#.....#.# #.#.#S#
.##....#.# #.#.#@#
.##'...#.# #.#.#.#
...#...#.# #.#.#.#
#####..#.###[#.#.#
..# #..#....†..#.#
#.###..#####.###.#
#.#.'........# #.#
#.#.#..####### #.#
#...#..# #.#


You could see a ball python.

Vanquished Creatures
  3 hobgoblins (D:1)
3 creatures vanquished.

Notes
Turn   | Place    | Note
-------+----------+-------------------------------------------
     0 | D:1      | tizbic2 the Hill Orc Necromancer began the quest for the
                  | Orb.
     0 | D:1      | Reached XP level 1. HP: 14/14 MP: 3/3
   577 | D:1      | Slain by a ball python

Illustrated notes

Levels and vault maps discovered:
D:1:      nicolae_arrival_somewhat_less_tricky_arrival, layout_basic,
          shapermc_ecumenical_altar_mp_ritualfount

Action                   || total
-------------------------++-------
Melee: Mace              ||     7
       Unarmed           ||     4
Throw: Stone             ||     4
 Cast: Pain              ||     6
Armor: Leather armour    ||     6
Dodge: Dodged            ||     7
